 Dungeon Crawl Stone Soup version 0.27.0-1-g7a089689b8 (webtiles) character file.

Game seed: 17223711929790207764

86 Sabo the Skirmisher (level 4, -8/37 HPs)
             Began as a Palentonga Fighter on Aug 15, 2021.
             Was a Priest of Uskayaw.
             Killed by divine providence
             ... invoked by an orc priest
              (11 damage)
             ... on level 3 of the Dungeon.
             The game lasted 00:10:03 (2123 turns).

Sabo the Skirmisher (Palentonga Fighter)            Turns: 2123, Time: 00:10:05

Health: -8/37      AC:  8    Str: 19    XL:     4   Next: 26%
Magic:  1/4        EV:  3    Int:  8    God:    Uskayaw [***...]
Gold:   75         SH:  9    Dex: 11    Spells: 3/3 levels left

rFire    . . .     SeeInvis +   a - +0 long sword
rCold    . . .     Faith    .   c - +0 kite shield
rNeg     . . .     Spirit   .   g - +0 chain mail
rPois    .         Reflect  .   (no helmet)
rElec    .         Harm     .   (no cloak)
rCorr    .         Rampage  .   (no gloves)
Will     .....                  (no barding)
Stlth    ..........             (no amulet)
HPRegen  0.12/turn              k - ring of flight
MPRegen  0.09/turn              (no ring)

@: flying
A: large, rugged brown scales 3, see invisible, deformed body, roll 1, armoured
tail
a: Rolling Charge, Renounce Religion, Stomp, Line Pass


You were on level 3 of the Dungeon.
You worshipped Uskayaw.
Uskayaw was noncommittal.
You visited 1 branch of the dungeon, and saw 3 of its levels.

You collected 75 gold pieces.

Inventory:

Hand Weapons
 a - a +0 long sword (weapon)
 j - a +0 hunting sling
Missiles
 e - 4 silver boomerangs (quivered)
 i - 20 arrows
 l - 2 atropa-tipped darts
Armour
 c - a +0 kite shield (worn)
 g - a +0 chain mail (worn)
Jewellery
 k - a ring of flight (left hand)
Scrolls
 b - a scroll of identify {unknown}
 f - a scroll of holy word {unknown}
 h - a scroll of vulnerability {unknown}
Potions
 d - 2 potions of might
 m - a potion of curing {unknown}


   Skills:
 + Level 3.2 Fighting
 + Level 2.7 Long Blades
 + Level 3.2 Armour
 + Level 0.4 Dodging
 + Level 2.9 Shields


You had 3 spell levels left.
You didn't know any spells.
Your spell library was empty.

Dungeon Overview and Level Annotations

Branches:
Dungeon (3/15)

Altars:
Uskayaw


Innate Abilities, Weirdness & Mutations

You are completely covered in rugged brown scales. (AC +3, +7% HP)
You have supernaturally acute eyesight. (SInv)
Armour fits poorly on your strangely shaped body.
You can roll at nearby foes to attack.
You have a long armoured tail.


Message History

An orc comes into view. It is wielding a +0 hand axe.
The orc priest hits you with a +0 mace!
The orc shouts!
You slash the orc priest!
The orc priest is severely wounded.
You block the orc priest's attack.
Uskayaw will force your foes to share their pain.
Uskayaw links your audience in an emotional bond!
You closely miss the orc priest.
The orc priest is severely wounded.
The orc priest is no longer sharing its pain.
The orc priest hits you but does no damage.
The orc priest hits you with a +0 mace.
* * * LOW HITPOINT WARNING * * *
You barely miss the orc priest.
The orc priest is severely wounded.
The orc is no longer sharing its pain.
The orc priest hits you with a +0 mace.
* * * LOW HITPOINT WARNING * * *
You closely miss the orc priest.
The orc priest is severely wounded.
The orc priest hits you with a +0 mace.
* * * LOW HITPOINT WARNING * * *
The orc hits you with a +0 hand axe.
* * * LOW HITPOINT WARNING * * *
The orc priest hits you but does no damage.
Okay, then.
Your shield and chain mail prevent you from hitting the orc priest.
The orc priest is severely wounded.
The orc hits you with a +0 hand axe.
* * * LOW HITPOINT WARNING * * *
You block the orc priest's attack.
An orc comes into view. It is wielding a +0 club.
You barely miss the orc priest.
The orc shouts!
You tail-slap the orc priest.
The orc priest is almost dead.
The orc barely misses you.
The orc priest invokes the aid of Beogh against you.
Beogh smites you!
You die...

##.#.# . #.. ....#
.#### .. ..... .... ..
....###..### ## #.
#.#o. .....#
...#..#.#.###..#.###.
...#..#.#o.....#.....
........o@.).........
.#..#<..#.)..####### .
#......#..........#
#.#.......#.#.......#
##.#.........#.......#
....##..##.#.#.......#
.....................#
....#.....##.#.......#
... #.....#......†...#


You could see an orc priest and 2 orcs.

Vanquished Creatures
  An orc wizard (D:3)
  A hound skeleton (D:2)
  A gnoll (D:1)
  A dart slug (D:2)
  4 orcs (D:3)
  7 bats
  An endoplasm (D:1)
  A giant cockroach (D:1)
  A goblin (D:1)
  A hobgoblin (D:2)
  4 jackals (D:1)
  2 quokkas (D:2)
  A ball python (D:1)
  2 frilled lizards
  6 kobolds (D:1)
34 creatures vanquished.

Notes
Turn   | Place    | Note
-------+----------+-------------------------------------------
     0 | D:1      | Sabo the Palentonga Fighter began the quest for the Orb.
     0 | D:1      | Reached XP level 1. HP: 19/19 MP: 1/1
   289 | D:1      | Reached XP level 2. HP: 25/25 MP: 2/2
   501 | D:1      | Found a faded altar of an unknown god.
   507 | D:1      | Became a worshipper of Uskayaw the Reveller
   507 | D:1      | Reached * piety under Uskayaw
   751 | D:1      | Reached ** piety under Uskayaw
   880 | D:1      | Reached XP level 3. HP: 31/31 MP: 3/3
  2110 | D:3      | Reached XP level 4. HP: 29/37 MP: 0/4
  2113 | D:3      | Reached *** piety under Uskayaw
  2118 | D:3      | Reached **** piety under Uskayaw
  2123 | D:3      | Killed from afar by an orc priest

Illustrated notes

Levels and vault maps discovered:
D:1:      doesnt_arrival_eight_statues, layout_basic,
          dreamdust_ecumenical_altar_angels_and_demons, kennysheep_flooded_box
D:2:      layout_basic
D:3:      layout_basic, kennysheep_boxes, uniq_jessica

Skill      XL: |  1  2  3 |
---------------+----------+-----
Armour         | 3 |  3.2
Fighting       | |  3.2
Long Blades    | |  2.7
Dodging        | |  0.4
Shields        | |  2.9

Action                   |  1- 3 |  4- 6 || total
-------------------------+-------+-------++-------
Melee: Long sword        |    92 |    13 ||   105
       Tailslap          |     6 |     2 ||     8
Invok: Stomp             |     1 |       ||     1
 Abil: Rolling Charge    |     1 |     1 ||     2
Armor: Scale mail        |    20 |       ||    20
       Chain mail        |    45 |     2 ||    47
Dodge: Dodged            |    20 |     1 ||    21
Block: Kite shield       |    57 |     4 ||    61
       Rpst.: Long sword |     6 |       ||     6
